 Dungeon Crawl Stone Soup version 0.21-a0-528-gf531e82c92 (webtiles) character file.

102 HANFGEIST the Grave Robber (level 4, -3/32 (33) HPs)
             Began as a Ghoul Necromancer on Dec 8, 2017.
             Slain by an orc
             ... wielding a +0 mace
              (5 damage)
             ... on level 3 of the Dungeon.
             The game lasted 00:06:54 (2801 turns).

HANFGEIST the Grave Robber (Ghoul Necromancer)      Turns: 2801, Time: 00:06:54

HP:   -3/32 (33)    AC:  3    Str: 11    XL:     4   Next: 77%
MP:   3/8           EV: 12    Int: 11    God:
Gold: 186           SH:  0    Dex:  9    Spells: 8/9 levels left

rFire    . . .     SeeInvis .   (no weapon)
rCold    + . .     Gourm    .   (no shield)
rNeg     + + +     Faith    .   a - +0 robe
rPois    ∞         Spirit   .   (no helmet)
rElec    .         Reflect  .   (no cloak)
rCorr    .         Harm     .   (no gloves)
MR       .....                  p - +0 pair of boots
Stlth    ++........             o - amulet of inaccuracy (curse)
HPRegen  0.00/turn              (no ring)
MPRegen  0.11/turn              (no ring)

@: rotting
A: rotting body, claws 1, carnivore 3, cold resistance 1, negative energy
resistance 3, inhibited regeneration, torment resistance, unbreathing
a: no special abilities


You were on level 3 of the Dungeon.
You were not hungry.

You visited 1 branch of the dungeon, and saw 4 of its levels.

You collected 186 gold pieces.

Inventory:

Hand Weapons
 e - a +0 dagger
Armour
 a - a +0 robe (worn)
 p - a +0 pair of boots (worn)
Jewellery
 o - a cursed amulet of inaccuracy (around neck)
 q - an uncursed ring of magical power {unknown}
Scrolls
 d - 7 scrolls of identify {unknown}
 h - a scroll of enchant armour {unknown}
 k - 4 scrolls of remove curse {unknown}
 l - 5 scrolls of teleportation {unknown}
 n - a scroll of random uselessness {unknown}
 r - a scroll of immolation {unknown}
 s - a scroll of enchant weapon {unknown}
 t - a scroll of fog {unknown}
Potions
 f - 2 potions of agility {unknown}
 g - a potion of mutation
 i - 2 potions of curing
 j - 2 potions of heal wounds {unknown}
 m - a potion of might {unknown}
Books
 b - a book of Necromancy

   Spells                             Type                      Level
   a - Pain                           Necromancy                   1
   b - Animate Skeleton               Necromancy                   1
   c - Vampiric Draining              Necromancy                   3
   d - Regeneration                   Charms/Necromancy            3
   e - Animate Dead                   Necromancy                   4
   f - Control Undead                 Necromancy                   4
Comestibles
 c - 3 meat rations


   Skills:
 + Level 2.0 Dodging
 - Level 2.2 Stealth
 - Level 0.2 Unarmed Combat
 * Level 3.3 Spellcasting
 + Level 4.6 Necromancy


You had 8 spell levels left.
You knew the following spells:

 Your Spells              Type           Power        Failure   Level  Hunger
a - Pain                  Necr           ##..         3%          1    #......


Dungeon Overview and Level Annotations

Branches:
Dungeon (4/15)
 Temple: D:4-7

Altars:


Innate Abilities, Weirdness & Mutations

Your body is rotting away.
You thrive on raw meat.
You are immune to poison.
You have sharp fingernails.
You are carnivorous and can eat meat at any time.
Your flesh is cold resistant. (rC+)
You are immune to negative energy. (rN+++)
You do not regenerate when monsters are visible.
You are immune to unholy pain and torment.
You can survive without breathing.


Message History

Press: ? - help, Shift-Dir - straight line, f/p - orc
Aim: an orc, wielding a mace (chance to defeat MR: 82%) Nothing appears to happen.
Something hits you but does no damage. Something barely misses you.
The orc hits you with a mace. Something hits you.
* * * LOW HITPOINT WARNING * * *
You climb upwards.
There is a stone staircase leading down here.
You miss something. Something hits you.
* * * LOW HITPOINT WARNING * * *
The orc hits you with a mace.
* * * LOW HITPOINT WARNING * * *
Casting: Pain
Confirm with . or Enter, or press ? or * to list all spells.
Aiming: Pain
Press: ? - help, Shift-Dir - straight line, f - orc
Aim: an orc, wielding a mace (chance to defeat MR: 82%)
The orc writhes in agony!
Something barely misses you. Something hits you.
* * * LOW HITPOINT WARNING * * *
The orc hits you with a mace.
You die...

......#
####.....>.........#...
##.####
#####...............##..
...#
###...................##..
####
###...###...............#...
#...### #.).............#...
######.###
##.............##...
.......# ##.....#.....###...
######## #o########### #...
..######### #@# ##..
#.........######.# ##.
#########........# ##
##########


You could see an orc.

Vanquished Creatures
  5 adders
  An ooze (D:3)
  A dart slug (D:1)
  5 bats
  5 giant cockroaches
  7 goblins
  13 hobgoblins
  3 frilled lizards
  3 kobolds
  7 rats
50 creatures vanquished.

Notes
Turn   | Place    | Note
-------+----------+-------------------------------------------
     0 | D:1      | HANFGEIST the Ghoul Necromancer began the quest for the Orb.
     0 | D:1      | Reached XP level 1. HP: 14/14 MP: 2/2
   532 | D:1      | Reached XP level 2. HP: 19/19 MP: 0/3
  1020 | D:1      | Reached XP level 3. HP: 26/26 MP: 1/5
  1377 | D:2      | HP: 1/26 [adder (3)]
  1969 | D:2      | Reached XP level 4. HP: 33/33 MP: 4/7
  2437 | D:3      | Found a faded altar of an unknown god.
  2801 | D:3      | Slain by an orc

Vault maps used:
D:1:      dpeg_arrival_snail
D:3:      chequers_ecumenical_altar_simple
D:4:      xom_teletrap_fun, gammafunk_temple_overflow_wave, first_bread,
          corexii_checkpoint_b

Skill      XL: |  1  2  3  4 |
---------------+-------------+-----
Spellcasting   | 2 3 |  3.3
Dodging        | 2 |  2.0
Stealth        | |  2.2
Unarmed Combat | |  0.2
Necromancy     | |  4.6

Action                   |  1- 3 |  4- 6 || total
-------------------------+-------+-------++-------
Melee: Unarmed           |    74 |     6 ||    80
       Dagger            |     5 |       ||     5
 Cast: Pain              |    64 |    36 ||   100
  Use: Potion            |     3 |       ||     3
 Stab: Sleeping          |       |     1 ||     1
  Eat: Chunk             |    14 |     7 ||    21
       Meat ration       |     1 |       ||     1
Armor: Robe              |    15 |     4 ||    19
Dodge: Dodged            |    74 |    17 ||    91

Table legend:
 A = Spawn XP
 B = Non-spawn XP
 C = Spawn XP percentage of total XP
 D = Spawn monster count
 E = Non-spawn monster count
 F = Spawn count percentage of total count
 G = Total turns spent on level
                    A         B        C        D         E        F      G
               +---------+---------+-------+---------+---------+-------+---------
         Total |       0 |     146 |   0.0 |       0 |      50 |   0.0 |  2801
               +---------+---------+-------+---------+---------+-------+---------
           D:1 |       0 |      36 |   0.0 |       0 |      20 |   0.0 |  1116
           D:2 |       0 |      60 |   0.0 |       0 |      16 |   0.0 |  1101
           D:3 |       0 |      50 |   0.0 |       0 |      14 |   0.0 |   524
               +---------+---------+-------+---------+---------+-------+---------
